 Dungeon Crawl Stone Soup version 0.30-a0-368-g86fb4627a9 (webtiles) character file.

Game seed: 13578271413883483994

99 RascalDebosk the Magician (level 5, -2/35 HPs)
             Began as a Djinni Venom Mage on Nov 18, 2022.
             Slain by an orc priest
             ... wielding a +0 mace
              (8 damage)
             ... on level 3 of the Dungeon on Nov 19, 2022.
             The game lasted 00:22:53 (1824 turns).

RascalDebosk the Magician (Djinni Venom Mage)       Turns: 1824, Time: 00:22:53

Health: -2/35      AC:  4    Str:  7    XL:     5   Next: 2%
Gold:   5          EV: 12    Int: 19    God:
                   SH:  0    Dex: 13

rFire   + + .      SeeInvis .    s - +0 dagger
rCold   . . .      Faith    .    (no shield)
rNeg    . . .      Spirit   .    k - +0 robe
rPois   ∞          Reflect  .    g - +0 helmet
rElec   .          Harm     .    j - +0 cloak
rCorr   .          Rampage  .    (no gloves)
Will    .....                    (boots unavailable)
Stlth   ++........               (no amulet)
HPRegen 0.25/turn                c - ring of protection from cold
MPRegen 0.00/turn                (no ring)

@: flying
A: sickness immunity, fire resistance 2, cold vulnerability 1, float, innate
caster, HP casting, extra vitality 1
a: no special abilities


You were on level 3 of the Dungeon.
You visited 1 branch of the dungeon, and saw 3 of its levels.

You collected 126 gold pieces.
You spent 121 gold pieces at shops.

Inventory:

Hand Weapons
 s - a +0 dagger (weapon)
Missiles
 h - a throwing net {@!f}
Armour
 g - a +0 helmet (worn)
 j - a +0 cloak (worn)
 k - a +0 robe (worn)
Jewellery
 c - a ring of protection from cold (left hand)
Wands
 o - a wand of digging (6)
Scrolls
 b - a scroll of noise {unknown}
 d - a scroll of magic mapping {unknown}
 e - 2 scrolls of identify {unknown}
 n - a scroll of poison {unknown}
Potions
 a - 3 potions of curing
 f - a potion of berserk rage {unknown}
 i - 2 potions of flight {unknown}
 l - 2 potions of lignification {unknown}
 m - 2 potions of mutation


   Skills:
 - Level 2.1 Dodging
 - Level 1.5 Stealth
 * Level 4.1 Spellcasting


You couldn't memorise any spells.
You knew the following spells:

 Your Spells              Type           Power      Damage    Failure   Level
a - Sting                 Tmut/Pois      76%        1d6       2%          1
b - Poisonous Vapours     Pois/Air       38%        N/A       3%          2
c - Mephitic Cloud        Conj/Pois/Air  19%        N/A       8%          3
d - Olgreb's Toxic Radia  Pois           19%        N/A       24%         4
e - Freeze                Ice            76%        1d8       2%          1
f - Ensorcelled Hibernat  Hex/Ice        38%        N/A       3%          2
Your spell library was empty.

Dungeon Overview and Level Annotations

Branches:
Dungeon (3/15)

Altars:
Elyvilon
Zin

Shops:
D:3 !


Innate Abilities, Weirdness & Mutations

You are immune to sickness and miasma.
You are immune to poison.
Your flesh is very heat resistant. (rF++)
You are vulnerable to cold. (rC-)
You float through the air rather than walking.
You learn spells naturally, not from books.
Your magical power is your life essence.
You have superior vitality. (+4 MHP)


Message History

Found a glowing silver altar of Zin.
o - a wand of digging (6)
There is a white marble altar of Elyvilon here.
You hit the fungus.
The fungus begins to die.
The fungus is lightly damaged.
A nearby fungus withers and dies.
Found Gotaob's Distillery.
You now have 126 gold pieces (gained 6).
There is an entrance to Gotaob's Distillery here.
m - 2 potions of mutation (gained 1);
a - 3 potions of curing (gained 1) Thank you for shopping at Gotaob's Distillery!
You can access your shopping list by pressing '$'.
Found a stone staircase leading down.
Found a stone staircase leading up.
A ball python comes into view.
The ball python hisses angrily.
Aiming: Sting (safe; 2% risk of failure)
Press: ? - help, Q - select action, (/) - cycle Shift-Dir - straight line, f - ball python
Aim: a ball python (71% to hit)
The sting misses the ball python.
The ball python closely misses you. The ball python grabs you.
The ball python constricts you.
Aiming: Sting (safe; 2% risk of failure)
Press: ? - help, Q - select action, (/) - cycle Shift-Dir - straight line, f/p - ball python
Aim: a ball python (constricting you, 71% to hit)
The sting hits the ball python.
The ball python is poisoned.
You kill the ball python!
You have reached level 5!
The power to cast Ensorcelled Hibernation wells up from within.
Spell assigned to 'f'.
You see here a ball python corpse.
An orc priest comes into view. It is wielding a +0 mace.
The orc priest shouts!
Casting: Sting (safe; 2% risk of failure)
Confirm with . or Enter, or press ? or * to list all spells.
Aiming: Ensorcelled Hibernation (safe; 3% risk of failure)
Press: ? - help, Shift-Dir - straight line, f - orc priest
Aim: an orc priest, wielding a +0 mace (chance to affect: 51%)
The orc priest looks drowsy...
An orc comes into view. It is wielding a +0 hand axe.
The orc shouts!
The orc priest shouts!
An orc wizard comes into view. It is wielding a +0 dagger.
The orc priest barely misses you.
You closely miss the orc priest. You hit the orc but do no damage.
The orc priest casts a cantrip, but nothing happens.
You hit the orc.
The orc is moderately wounded.
The orc closely misses you.
The orc wizard shouts!
You hit the orc.
The orc is severely wounded.
The orc hits you but does no damage.
The orc wizard mumbles some strange words.
The orc wizard flickers and vanishes!
Deactivating autopickup; reactivate with Ctrl-A.
You hit the orc.
You kill the orc!
You barely miss the orc priest. The orc priest barely misses you.
You hit the orc priest.
The orc priest is lightly wounded.
The orc priest looks encouraged for a moment.
You hit the orc priest but do no damage.
The orc priest is lightly wounded.
The orc priest hits you with a +0 mace.
You hit the orc priest.
The orc priest is lightly wounded.
The orc priest hits you with a +0 mace.
You hit the orc priest but do no damage.
The orc priest is lightly wounded.
The orc priest hits you with a +0 mace.
Casting: Ensorcelled Hibernation (safe; 3% risk of failure)
Confirm with . or Enter, or press ? or * to list all spells.
Aiming: Ensorcelled Hibernation (safe; 3% risk of failure)
Press: ? - help, Shift-Dir - straight line, p - orc priest
Okay, then.
Casting: Ensorcelled Hibernation (safe; 3% risk of failure)
Confirm with . or Enter, or press ? or * to list all spells.
Aiming: Ensorcelled Hibernation (safe; 3% risk of failure)
Press: ? - help, Shift-Dir - straight line, f/p - orc priest
Aim: an orc priest, wielding a +0 mace (lightly wounded, not susceptible)
The orc priest is unaffected.
The orc priest mumbles some strange prayers to Beogh against you.
Beogh smites you!
* * * LOW HITPOINT WARNING * * *
Casting: Ensorcelled Hibernation (safe; 3% risk of failure)
Confirm with . or Enter, or press ? or * to list all spells.
Aiming: Ensorcelled Hibernation (safe; 3% risk of failure)
Press: ? - help, Shift-Dir - straight line, f - you, p - orc priest That would be overly suicidal.
Okay, then.
Casting: Ensorcelled Hibernation (safe; 3% risk of failure)
Confirm with . or Enter, or press ? or * to list all spells.
Aiming: Ensorcelled Hibernation (safe; 3% risk of failure)
Press: ? - help, Shift-Dir - straight line, f - orc priest
Aim: an orc priest, wielding a +0 mace (lightly wounded, not susceptible)
The orc priest is unaffected.
* * * LOW HITPOINT WARNING * * *
The orc priest hits you with a +0 mace!
You die...

..
#........###.#
#
#.##.##.....#
#.###
#...........#
#...#
####.#......#
###.##
##†##.....#
#..#
#..##.....#
##.#
#.###.....#
#.. #.#
#.....# ###
#@# #.....#
#### #o#
##.### ....
#{# #... #.#
...P ... #..P
... #... #..
#... #.#.
##... #...P


You could see an orc priest.

Vanquished Creatures
  Crazy Yiuf (D:2)
  An adder (D:2)
  A worm (D:3)
  3 dart slugs
  2 orcs
  3 ball pythons
  4 bats
  4 endoplasms
  4 giant cockroaches
  A goblin (D:1)
  4 hobgoblins
  5 jackals
  4 quokkas
  2 frilled lizards
  7 kobolds
  6 rats
52 creatures vanquished.

Vanquished Creatures (others)
  14 fungi (D:3)
14 creatures vanquished.

Grand Total: 66 creatures vanquished

Notes
Turn   | Place    | Note
-------+----------+-------------------------------------------
     0 | D:1      | RascalDebosk the Djinni Venom Mage began the quest for the
                  | Orb.
     0 | D:1      | RascalDebosk set off with the following spells memorised:
                  | Sting, Poisonous Vapours, Mephitic Cloud, Olgreb's Toxic
                  | Radiance.
     0 | D:1      | Reached XP level 1. HP: 15/15 MP: 0/0
    30 | D:1      | Reached XP level 2. HP: 16/21 MP: 0/0
   128 | D:1      | Reached skill level 3 in Spellcasting
   338 | D:1      | Reached XP level 3. HP: 23/25 MP: 0/0
   338 | D:1      | Learned a level 1 spell: Freeze
   925 | D:2      | Reached XP level 4. HP: 24/31 MP: 0/0
  1207 | D:2      | Found a runed translucent door.
  1208 | D:2      | Noticed Crazy Yiuf
  1238 | D:2      | Killed Crazy Yiuf
  1239 | D:2      | Reached skill level 4 in Spellcasting
  1299 | D:2      | Found a faded altar of an unknown god.
  1692 | D:3      | Found a white marble altar of Elyvilon.
  1740 | D:3      | Found a glowing silver altar of Zin.
  1756 | D:3      | Found Gotaob's Distillery.
  1763 | D:3      | Bought a potion of mutation for 88 gold pieces
  1763 | D:3      | Bought a potion of curing for 33 gold pieces
  1801 | D:3      | Reached XP level 5. HP: 33/35 MP: 0/0
  1801 | D:3      | Learned a level 2 spell: Ensorcelled Hibernation
  1824 | D:3      | Slain by an orc priest

Illustrated notes

Levels and vault maps discovered:
D:1:      scummos_arrival_forest, layout_rooms
D:2:      layout_rooms, shapermc_ecumenical_altar_hornbeckon,
          uniq_crazy_yiuf_cottage
D:3:      layout_rooms, mainiacjoe_overflow_cross_hatched, lemuel_doored_altar,
          nicolae_gozag_cash_rules_everything_around_me, serial_shops, shop,
          minmay_mini_jars

Skill      XL: |  1  2  3  4 |
---------------+-------------+-----
Spellcasting   | 3 4 |  4.1
Dodging        | |  2.1
Stealth        | |  1.5

Action                   |  1- 3 |  4- 6 || total
-------------------------+-------+-------++-------
Melee: Dagger            |    18 |    23 ||    41
       Punch             |       |     1 ||     1
 Cast: Sting             |    17 |    11 ||    28
       Poisonous Vapours |    30 |    22 ||    52
       Mephitic Cloud    |     5 |     2 ||     7
       Freeze            |       |     1 ||     1
       Ensorcelled Hiber |       |     3 ||     3
 Stab: Sleeping          |       |     2 ||     2
Armor: Robe              |    13 |     5 ||    18
Dodge: Dodged            |    28 |    17 ||    45

Table legend: (Time is in decaauts)
 A = Elapsed time spent in this place.
 B = Non-inter-level travel time spent in this place.
 C = Inter-level travel time spent in this place.
 D = Time resting spent in this place.
 E = Time spent auto-exploring this place.
 F = Levels seen in this place.
 G = Mean time per level.
                   A        B        C        D        E       F      G
               +--------+--------+--------+--------+--------+-----+--------+
         Total |   1822 |   1793 |     29 |    263 |    976 |   3 |  607.3 |
       Dungeon |   1822 |   1793 |     29 |    263 |    976 |   3 |  607.3 |
               +--------+--------+--------+--------+--------+-----+--------+

Top non-repeatable levels by time:
     D:2: 826 daAuts
     D:1: 667 daAuts
     D:3: 328 daAuts
